 Dungeon Crawl Stone Soup version 0.26-a0-778-g3fe0686644 (webtiles) character file.

Game seed: 13590550664062306251

124796 IdlyInterested the Impaler (level 16, -2/109 HPs)
             Began as a Demonspawn Gladiator on Nov 9, 2020.
             Was the Champion of Makhleb.
             Killed from afar by a deep elf mage (9 damage)
             ... with a lance of force
             ... on level 1 of the Elven Halls on Nov 10, 2020.
             The game lasted 03:02:40 (28703 turns).

IdlyInterested the Impaler (Demonspawn Gladiator)  Turns: 28703, Time: 03:02:41

Health: -2/109     AC: 33    Str: 25    XL:     16   Next: 40%
Magic:  25/25      EV: 21    Int: 15    God:    Makhleb [******]
Gold:   1463       SH:  0    Dex: 32    Spells: 23/23 levels left

rFire    . . .     SeeInvis .   F - +5 halberd (freeze)
rCold    + . .     Faith    .   (shield currently unavailable)
rNeg     + + .     Spirit   .   v - +3 plate armour {rC+}
rPois    +         Reflect  .   N - +2 hat of Ralun {Str+2 Dex+6 Stlth+}
rElec    .         Harm     .   V - +2 cloak
rCorr    .         Rampage  .   U - +0 pair of gloves "Duko" {rN+}
MR       +....                  (no boots)
Stlth    +.........             T - amulet "Asi Cic" {Inacc rPois rF+}
HPRegen  0.28/turn              i - +6 ring of dexterity
MPRegen  0.19/turn              k - ring of Mubumit {rF- rN+ Str+8 Int+4 Stlth+}

@: sanguine armour
A: talons 2, blink, foul stench 1, mutation resistance 1, spiny 1, rot immunity,
MP-powered wands, sanguine armour 3
a: Blink, Minor Destruction, Lesser Servant of Makhleb, Major Destruction,
Greater Servant of Makhleb, Renounce Religion


You were on level 1 of the Elven Halls.
You worshipped Makhleb.
Makhleb was exalted by your worship.
You visited 5 branches of the dungeon, and saw 24 of its levels.
You also visited: Bailey and Ice Cave.

You collected 2678 gold pieces.
You spent 1215 gold pieces at shops.

Inventory:

Hand Weapons
 F - a +5 halberd of freezing (weapon)
 I - a +5 trident
 L - the +9 whip of Truncation {speed, rC+ Int+5 Dex-4}
   (You found it on level 11 of the Dungeon)

   Attacks with this weapon are significantly faster.
   It affects your intelligence (+5).
   It affects your dexterity (-4).
   It protects you from cold.
Missiles
 l - 2 throwing nets
 x - 35 boomerangs (quivered)
 O - 8 curare-tipped darts
 P - 16 javelins
Armour
 g - a +2 leather armour of positive energy
 v - a +3 plate armour of cold resistance (worn)
 J - +0 acid dragon scales
 N - the +2 hat of Ralun (worn) {Str+2 Dex+6 Stlth+}
   (You found it on level 11 of the Dungeon)

   It affects your strength (+2).
   It affects your dexterity (+6).
   It makes you more stealthy.
 U - the +0 pair of gloves "Duko" (worn) {rN+}
   (You bought it in a shop on level 4 of the Dungeon)

   It protects you from negative energy.
 V - a +2 cloak (worn)
 Z - a +0 tower shield
Magical Staves
 b - an uncursed staff of earth
 o - an uncursed staff of fire
Jewellery
 h - an uncursed ring of see invisible
 i - a +6 ring of dexterity (left hand)
 j - an uncursed amulet of reflection
 k - the ring of Mubumit (right hand) {rF- rN+ Str+8 Int+4 Stlth+}
   (You found it on level 7 of the Dungeon)

   [ring of stealth]

   It affects your strength (+8).
   It affects your intelligence (+4).
   It makes you vulnerable to fire.
   It protects you from negative energy.
   It makes you more stealthy.
 p - an uncursed ring of poison resistance
 q - an uncursed ring of resist corrosion
 T - the amulet "Asi Cic" (around neck) {Inacc rPois rF+}
   (You found it on level 11 of the Dungeon)

   [amulet of inaccuracy]

   It reduces the accuracy of all your attacks.
   It protects you from fire.
   It protects you from poison.
Wands
 a - a wand of acid (10)
 d - a wand of disintegration (53)
 A - a wand of polymorph (38)
 B - a wand of iceblast (13)
 K - a wand of flame (18)
 Q - a wand of paralysis (18)
Scrolls
 c - 4 scrolls of magic mapping
 m - 4 scrolls of fog
 n - 3 scrolls of enchant armour
 s - 10 scrolls of identify
 t - 8 scrolls of teleportation
 w - a scroll of summoning
 y - 5 scrolls of enchant weapon
 C - a scroll of brand weapon {unknown}
 D - 2 scrolls of remove curse
 R - 3 scrolls of fear
 S - a scroll of amnesia
 W - 3 scrolls of blinking
Potions
 f - 6 potions of might
 r - 9 potions of curing
 u - 5 potions of haste
 z - a potion of heal wounds
 E - 5 potions of mutation
 G - a potion of berserk rage
 H - 3 potions of flight
 M - 4 potions of magic
 Y - 4 potions of brilliance
Miscellaneous
 e - a phantom mirror
 X - a condenser vane


   Skills:
 - Level 5.0 Fighting
 + Level 16.8 Polearms
 * Level 4.5 Throwing
 - Level 4.0 Armour
 * Level 15.6 Dodging
 - Level 4.0 Stealth
 - Level 4.0 Shields
 - Level 4.0 Spellcasting
 * Level 13.3 Invocations
 - Level 4.0 Evocations


You had 23 spell levels left.
You didn't know any spells.
Your spell library contained the following spells:

 Spells                   Type           Power        Failure   Level
 Apportation              Tloc           #.....       95%         1
 Beastly Appendage        Tmut           #.....       95%         1
 Foxfire                  Conj/Fire      #...         95%         1
 Freeze                   Ice            #...         95%         1
 Magic Dart               Conj           #...         95%         1
 Summon Small Mammal      Summ           #...         95%         1
 Blink                    Tloc           N/A          99%         2
 Call Imp                 Summ           #.......     99%         2
 Slow                     Hex            #.......     99%         2
 Sublimation of Blood     Necr           #.........   99%         2
 Wereblood                Tmut           #.......     99%         2
 Call Canine Familiar     Summ           #.......     100%        3
 Conjure Flame            Conj/Fire      #.......     100%        3
 Frozen Ramparts          Ice            #.....       100%        3
 Ignite Poison            Fire/Tmut/Pois #.......     100%        3
 Inner Flame              Hex/Fire       #.......     100%        3
 Lesser Beckoning         Tloc           #.........   100%        3
 Mephitic Cloud           Conj/Pois/Air  #.......     100%        3
 Ozocubu's Armour         Ice            #.......     100%        3
 Spider Form              Tmut/Pois      #.........   100%        3
 Summon Guardian Golem    Hex/Summ       #.......     100%        3
 Tukima's Dance           Hex            #.......     100%        3
 Hailstorm                Conj/Ice       #.......     100%        4
 Ice Form                 Ice/Tmut       #.......     100%        4
 Olgreb's Toxic Radiance  Pois           #.......     100%        4
 Petrify                  Tmut/Erth      #.......     100%        4
 Sticky Flame             Conj/Fire      #.......     100%        4
 Summon Ice Beast         Ice/Summ       #.......     100%        4
 Summon Lightning Spire   Summ/Air       #.......     100%        4
 Alistair's Intoxication  Tmut/Pois      #........    100%        5
 Blade Hands              Tmut           #.........   100%        5
 Fireball                 Conj/Fire      #.........   100%        5
 Irradiate                Conj/Tmut      #.........   100%        5
 Eringya's Noxious Bog    Tmut/Pois      #.........   100%        6
 Invisibility             Hex            #.......     100%        6


Dungeon Overview and Level Annotations

Branches:
Dungeon (14/15)            Temple (1/1) D:6            Lair (6/6) D:11
  Swamp (0/4) Lair:2        Snake (0/4) Lair:3        Slime (0/5) Lair:5
    Orc (2/2) D:11            Elf (1/3) Orc:2        Vaults (0/5) D:14
 Bailey (visited)           IceCv (visited)

Altars:
Ashenzari
Cheibriados
Dithmenos
Elyvilon
Fedhas
Gozag
Hepliaklqana
Kikubaaqudgha
Makhleb
Nemelex Xobeh
Okawaru
Qazlal
Ru
Sif Muna
Trog
Uskayaw
Vehumet
Wu Jian
Xom
Yredelemnul
Zin
The Shining One
Beogh

Shops:
D:4 ?*[   D:5 **   D:10 :   Orc:2 }}([   Elf:1 =

Portals:
Trove: D:13 (give +5 fire dragon scales)


Innate Abilities, Weirdness & Mutations

You have razor-sharp toenails.
You may emit foul miasma when damaged in melee.
You are partially covered in sharp spines.
You are immune to rotting.
When seriously injured, your bleeding wounds create very thick armour. (AC +12)
You can translocate small distances at will.
You are somewhat resistant to further mutation.
You expend magic power (3 MP) to strengthen your wands.


Message History

The deep elf mage points at you and mumbles some strange words.
The bolt of lightning hits you!!
* * * LOW HITPOINT WARNING * * *
The deep elf high priest mumbles some strange prayers to its god against you.
Something smites you!
* * * LOW HITPOINT WARNING * * *
You hit the deep elf mage. You freeze the deep elf mage.
You claw the deep elf mage.
The deep elf mage is severely wounded.
The deep elf mage is struck by your spines.
The deep elf mage hits you but does no damage.
The deep elf mage is struck by your spines.
The deep elf mage barely misses you.
The deep elf high priest completely misses you.
You slice the deep elf mage!! You freeze the deep elf mage.
You kill the deep elf mage!
Makhleb accepts your kill. The deep elf mage casts a spell at you.
The lance of force hits you!
You die...

#### # ##..♣ ≈## #...# ≈≈≈≈
#).####§≈≈
##############..#.(##≈≈
#(.)).((.).(#..))..(##≈
#.#########.'.ee)...}#≈ ##.#
###..@'..$##≈##### .#.#
######..#.(##≈≈#...#
.#.#######....#..####§≈≈#...#
.#............#...# ≈≈≈≈##..#
....######.##.##..♣ ≈## #..#
.....#
#.##..###########..#####
####.#
##.##....................
.....#
#..).....#..######..####.
.########.#)........# #..# #.


You could see a deep elf high priest (brilliance aura) and a deep elf mage
(empowered).

Vanquished Creatures
  An orc warlord (Orc:2)
  Snorg (Orc:1)
  6 boulder beetles
  10 hydras
  A catoblepas (Lair:2)
  A queen ant (D:9)
  A death knight (D:12)
  6 two-headed ogres
  14 death yaks
  3 dancing weapons (Elf:1)
  2 orc high priests (Orc:2)
  5 deep elf knights (Elf:1)
  6 deep elf archers (Elf:1)
  A lindwurm (Lair:6)
  A wolf spider (D:11)
  6 oklob plants
  An orb spider (shapeshifter) (D:13)
  2 orc sorcerers
  An ugly thing (D:13)
  21 deep elf magi (Elf:1)
  2 manticores
  2 cyclopes (D:14)
  23 elephants
  Maurice (D:8)
  18 cane toads
  An ice statue (IceCv)
  4 black mambas
  A torpor snail (Lair:6)
  2 kobold demonologists (D:12)
  2 gargoyles
  5 rime drakes
  13 komodo dragons
  A guardian mummy (D:13)
  8 trolls
  6 meliai
  18 polar bears
  Grinder (D:4)
  A queen bee (Lair:5)
  3 slime creatures
  A hornet (Lair:6)
  18 blink frogs
  8 dream sheep (Lair:6)
  A vampire (D:14)
  A tarantella (D:11)
  3 wraiths
  A redback (D:11)
  A water elemental (Elf:1)
  29 yaks
  6 wyverns
  A fire elemental (Elf:1)
  9 basilisks
  Menkaure (D:6)
  Edmund (D:4)
  2 nagas (Lair:3)
  16 soldier ants
  A swamp worm (Lair:2)
  3 wargs
  2 soldier ants (shapeshifter) (D:12)
  19 water moccasins
  An acid dragon (D:12)
  5 ice beasts
  2 sky beasts
  41 orc warriors
  A black bear (D:9)
  An eye of draining (D:8)
  A phantom (D:7)
  12 ogres
  17 wolves
  10 centaurs
  6 big kobolds
  18 bullfrogs
  An elf zombie (D:8)
  A water moccasin zombie (D:6)
  2 wyvern skeletons
  An elf skeleton (D:8)
  7 scorpions
  42 killer bees
  2 electric eels (Lair:2)
  30 wights
  3 howler monkeys (D:7)
  A bullfrog zombie (D:6)
  2 lava snakes (D:11)
  5 centaur zombies
  3 human zombies (D:8)
  A quasit (D:6)
  4 hounds
  19 orc priests
  4 bullfrog skeletons
  Crazy Yiuf (D:4)
  2 gnoll shamans
  5 jellies
  24 orc wizards
  5 iguanas
  A centaur skeleton (D:8)
  Natasha (thrice) (D:2)
  2 human skeletons (D:8)
  27 worker ants
  A killer bee zombie (D:9)
  A hound zombie (D:8)
  2 mummies
  3 worker ant zombies
  Robin (D:3)
  3 hound skeletons
  A howler monkey zombie (D:9)
  21 gnolls
  13 adders
  A river rat (Orc:1)
  2 shadow imps
  3 white imps
  2 ufetubi
  An ooze (D:2)
  2 adder skeletons
  2 adder zombies
  2 worms
  4 dart slugs
  2 leopard geckos
  112 orcs
  10 giant cockroaches
  13 goblins
  13 hobgoblins
  13 jackals
  4 quokkas
  2 ball pythons
  A ball python skeleton (D:6)
  7 bats
  5 frilled lizards
  17 kobolds
  2 orc zombies (D:8)
  A quokka skeleton (D:5)
  9 rats
915 creatures vanquished.

Vanquished Creatures (collateral kills)
  Gastronok (Lair:2)
  A frost giant (IceCv)
  An ironheart preserver (D:14)
  A dire elephant (Lair:6)
  2 death yaks
  Sonja (Lair:2)
  A lindwurm (Lair:6)
  A hornet (Lair:6)
  A slime creature (D:14)
  A dream sheep (Lair:6)
  2 yaks (IceCv)
  6 soldier ants (D:9)
  An orc warrior (Orc:2)
  2 wolves (IceCv)
  A wight (D:14)
  2 howler monkeys (D:14)
  An orc wizard (Orc:2)
  3 worker ants (D:9)
  2 orcs (Orc:2)
31 creatures vanquished.

Vanquished Creatures (others)
  A bullfrog (Lair:3)
  A quokka (D:3)
  A bush (Lair:3)
  21 fungi
  28 plants
  2 withered plants (D:9)
54 creatures vanquished.

Grand Total: 1000 creatures vanquished

Notes
Turn   | Place    | Note
-------+----------+-------------------------------------------
     0 | D:1      | IdlyInterested the Demonspawn Gladiator began the quest for
                  | the Orb.
     0 | D:1      | Reached XP level 1. HP: 16/16 MP: 1/1
   326 | D:1      | Gained mutation: When seriously injured, your bleeding
                  | wounds create armour. (AC +12) [demonic ancestry]
   326 | D:1      | Reached XP level 2. HP: 21/22 MP: 2/2
   464 | D:1      | Reached skill level 3 in Polearms
   745 | D:2      | Noticed Natasha
   749 | D:2      | Killed Natasha
   749 | D:2      | Reached skill level 1 in Armour
   749 | D:2      | Reached XP level 3. HP: 17/27 MP: 3/3
   868 | D:2      | Found a faded altar of an unknown god.
  1104 | D:2      | Gained mutation: You have sharp toenails. [demonic
                  | ancestry]
  1104 | D:2      | Reached XP level 4. HP: 33/33 MP: 4/4
  1140 | D:2      | Noticed Natasha
  1145 | D:2      | Killed Natasha
  1181 | D:2      | Found a hide-covered altar of Uskayaw.
  1287 | D:2      | Noticed Natasha
  1293 | D:2      | Killed Natasha
  1540 | D:3      | Found an ornate altar of the Wu Jian Council.
  1555 | D:3      | Gained mutation: You have razor-sharp toenails. [demonic
                  | ancestry]
  1555 | D:3      | Reached XP level 5. HP: 38/38 MP: 5/5
  1584 | D:3      | Noticed Robin
  1608 | D:3      | Reached skill level 4 in Polearms
  1618 | D:3      | Killed Robin
  1618 | D:3      | Reached skill level 1 in Spellcasting
  1777 | D:3      | Found a white marble altar of Elyvilon.
  1800 | D:3      | Reached XP level 6. HP: 44/44 MP: 7/7
  2293 | D:3      | Found a blossoming altar of Fedhas.
  2564 | D:4      | Reached skill level 1 in Stealth
  2768 | D:4      | Reached skill level 5 in Polearms
  2918 | D:4      | Reached XP level 7. HP: 49/50 MP: 8/8
  3039 | D:4      | Found Ynnot's Antique Armour Shoppe.
  3104 | D:4      | Found Ela Owac's Assorted Antiques.
  3112 | D:4      | Bought a fuming white potion for 24 gold pieces
  3112 | D:4      | Bought a clouded pewter ring for 135 gold pieces
  3113 | D:4      | Identified the ring of Entrepreneurial Spirit {MP+9 Str+3}
                  | (You bought it in a shop on level 4 of the Dungeon)
  3183 | D:4      | Noticed Edmund
  3195 | D:4      | Killed Edmund
  3458 | D:4      | Noticed Grinder
  3467 | D:4      | Paralysed by Grinder for 6 turns
  3476 | D:4      | Killed Grinder
  3476 | D:4      | Reached skill level 6 in Polearms
  3476 | D:4      | Reached skill level 5 in Dodging
  3709 | D:4      | Found a runed translucent door.
  3710 | D:4      | Noticed Crazy Yiuf
  3717 | D:4      | Killed Crazy Yiuf
  3852 | D:4      | Found Vaus's Magic Scroll Boutique.
  3878 | D:4      | You fall into a shaft and drop 1 floor!
  3878 | D:5      | Entered Level 5 of the Dungeon
  3961 | D:4      | Reached XP level 8. HP: 41/56 MP: 11/11
  4044 | D:4      | Found an ancient bone altar of Kikubaaqudgha.
  4079 | D:4      | Bought a scroll of holy word for 75 gold pieces
  4079 | D:4      | Bought a scroll of noise for 10 gold pieces
  4165 | D:5      | Found Qaoh's Assorted Antiques.
  4395 | D:5      | Reached skill level 7 in Polearms
  4617 | D:5      | Found Ceuguevy's Lightly-Used Armoury.
  4694 | D:5      | Gained mutation: You can translocate small distances at
                  | will. [potion of mutation]
  4694 | D:5      | Gained mutation: You are somewhat resistant to further
                  | mutation. [potion of mutation]
  4694 | D:5      | Gained mutation: You expend magic power (3 MP) to
                  | strengthen your wands. [potion of mutation]
  4790 | D:6      | Noticed Menkaure
  4801 | D:6      | Killed Menkaure
  5005 | D:6      | Reached skill level 8 in Polearms
  5354 | D:6      | Found a bloodstained altar of Trog.
  5455 | D:6      | Gained mutation: You are partially covered in sharp spines.
                  | [demonic ancestry]
  5455 | D:6      | Reached XP level 9. HP: 61/63 MP: 12/12
  5624 | D:6      | Found a staircase to the Ecumenical Temple.
  5667 | Temple   | Entered the Ecumenical Temple
  6129 | Temple   | Became a worshipper of Makhleb the Destroyer
  6258 | D:6      | Reached skill level 9 in Polearms
  6413 | D:6      | Found a white marble altar of Elyvilon.
  6413 | D:6      | Found a snail-covered altar of Cheibriados.
  6418 | D:6      | Found a faded altar of an unknown god.
  6420 | D:6      | Found an opulent altar of Gozag.
  6421 | D:6      | Found a broken altar of Ashenzari.
  6687 | D:7      | Reached skill level 1 in Invocations
  7097 | D:7      | Reached * piety under Makhleb
  7137 | D:7      | Found a flagged portal.
  7148 | Bailey   | Entered a bailey
  7592 | Bailey   | Reached skill level 10 in Polearms
  7696 | Bailey   | Reached ** piety under Makhleb
  7805 | Bailey   | Gained mutation: You are immune to rotting. [demonic
                  | ancestry]
  7805 | Bailey   | Reached XP level 10. HP: 48/70 MP: 13/13
  9028 | D:7      | Got a shimmering tin ring
  9030 | D:7      | Identified the ring of Mubumit {rF- rN+ Str+8 Int+4 Stlth+}
                  | (You found it on level 7 of the Dungeon)
  9260 | D:4      | Bought a scroll of remove curse for 30 gold pieces
  9261 | D:4      | Reached XP level 11. HP: 75/75 MP: 14/14
  9311 | D:5      | Bought a scroll labeled WECWEKKOGEJ for 30 gold pieces
  9341 | D:4      | Bought a scroll of magic mapping for 35 gold pieces
  9341 | D:4      | Bought a scroll of vulnerability for 75 gold pieces
  9341 | D:4      | Bought a scroll of enchant armour for 75 gold pieces
  9981 | D:8      | Found a sacrificial altar of Ru.
  9983 | D:8      | Noticed Maurice
  9998 | D:8      | Reached *** piety under Makhleb
 10007 | D:8      | Killed Maurice
 10007 | D:8      | Reached skill level 5 in Invocations
 10240 | D:8      | Found a shadowy altar of Dithmenos.
 10243 | D:8      | Found a hazy altar of Hepliaklqana.
 10301 | D:8      | Reached skill level 11 in Polearms
 10878 | D:8      | Found a basalt altar of Yredelemnul.
 11007 | D:9      | Reached skill level 1 in Evocations
 11007 | D:9      | Reached **** piety under Makhleb
 11214 | D:9      | Noticed a queen ant
 11239 | D:9      | Killed a queen ant
 11239 | D:9      | Reached skill level 1 in Shields
 11347 | D:9      | Reached XP level 12. HP: 81/81 MP: 16/16
 11466 | D:9      | Noticed a two-headed ogre
 11473 | D:9      | Killed a two-headed ogre
 11473 | D:9      | Reached skill level 12 in Polearms
 11749 | D:10     | Entered Level 10 of the Dungeon
 11905 | D:10     | Noticed a two-headed ogre
 11911 | D:10     | Killed a two-headed ogre
 11970 | D:10     | Got a brightly glowing long sword
 12096 | D:10     | Noticed a two-headed ogre
 12098 | D:10     | Killed a two-headed ogre
 12199 | D:10     | Found Fikkat's Book Boutique.
 12243 | D:10     | Reached ***** piety under Makhleb
 12283 | D:10     | Got a crystal quarterstaff
 12434 | D:10     | Identified the +5 long sword of the Shining Light {venom,
                  | Fragile rPois Int+7 Stlth+} (You found it on level 10 of
                  | the Dungeon)
 12435 | D:10     | Identified the cursed +1 quarterstaff "Mum Itut" {vorpal,
                  | rC+} (You found it on level 10 of the Dungeon)
 12542 | D:11     | Found a runed translucent door.
 12757 | D:11     | Found a staircase to the Orcish Mines.
 12769 | D:11     | Found a roughly hewn altar of Beogh.
 12918 | D:11     | Noticed a two-headed ogre
 12927 | D:11     | Killed a two-headed ogre
 12986 | D:11     | Found a staircase to the Lair.
 12988 | D:11     | Noticed a death yak
 12990 | D:11     | Noticed a death yak
 12990 | D:11     | Noticed a death yak
 12990 | D:11     | Noticed a death yak
 12990 | D:11     | Noticed a death yak
 12991 | D:11     | Noticed a death yak
 13007 | D:11     | Killed a death yak
 13017 | D:11     | Killed a death yak
 13021 | D:11     | Killed a death yak
 13021 | D:11     | Reached skill level 13 in Polearms
 13030 | D:11     | Killed a death yak
 13052 | D:11     | HP: 4/81 [death yak (3)]
 13054 | D:11     | Killed a death yak
 13056 | D:11     | Killed a death yak
 13629 | D:11     | Got a shimmering whip
 13631 | D:11     | Got a transparent hat
 13638 | D:11     | Noticed a boulder beetle
 13638 | D:11     | Noticed a boulder beetle
 13639 | D:11     | Noticed a boulder beetle
 13654 | D:11     | Killed a boulder beetle
 13661 | D:11     | Killed a boulder beetle
 13679 | D:11     | Killed a boulder beetle
 13679 | D:11     | Gained mutation: You may emit foul miasma when damaged in
                  | melee. [demonic ancestry]
 13679 | D:11     | Reached XP level 13. HP: 45/86 MP: 19/19
 13870 | D:11     | Identified the +2 hat of Ralun {Str+2 Dex+6 Stlth+} (You
                  | found it on level 11 of the Dungeon)
 13879 | D:11     | Got a smoking bone amulet
 13896 | D:11     | Identified the amulet "Asi Cic" {Inacc rPois rF+} (You
                  | found it on level 11 of the Dungeon)
 14061 | D:4      | Bought a pair of glimmering gloves for 209 gold pieces
 14066 | D:4      | Identified the cursed +0 pair of gloves "Duko" {rN+} (You
                  | bought it in a shop on level 4 of the Dungeon)
 14070 | D:4      | Identified the +9 whip of Truncation {speed, rC+ Int+5
                  | Dex-4} (You found it on level 11 of the Dungeon)
 14643 | D:12     | Reached skill level 14 in Polearms
 15224 | D:13     | Identified the Compendium of Poison and Transformation
 15442 | D:13     | Found a portal to a secret trove of treasure.
 15991 | D:14     | Found a gate to the Vaults.
 15991 | D:14     | Noticed an ironheart preserver
 16004 | D:14     | Killed an ironheart preserver
 16907 | D:5      | Bought a brightly glowing robe for 171 gold pieces
 16946 | D:4      | Bought an encrusted leather armour for 154 gold pieces
 16946 | D:4      | Bought a runed robe for 81 gold pieces
 16956 | D:4      | Identified the +2 robe of the Swan {Int+2 SInv} (You bought
                  | it in a shop on level 5 of the Dungeon)
 17108 | Lair:1   | Entered Level 1 of the Lair of Beasts
 17361 | Lair:1   | Reached skill level 10 in Invocations
 17508 | Lair:1   | Reached skill level 15 in Polearms
 17508 | Lair:1   | Reached XP level 14. HP: 95/95 MP: 21/21
 18055 | D:4      | Bought a scroll of remove curse for 30 gold pieces
 18070 | D:4      | Identified the +1 leather armour of Kohof {MP+9} (You
                  | bought it in a shop on level 4 of the Dungeon)
 18678 | Lair:2   | Noticed Sonja
 18684 | Lair:2   | Killed Sonja
 18737 | Lair:2   | Noticed Gastronok
 18754 | Lair:2   | Killed Gastronok
 19090 | Lair:2   | Found a staircase to the Swamp.
 20001 | D:4      | Bought a scroll of remove curse for 81 gold pieces
 20166 | Lair:3   | Found a staircase to the Snake Pit.
 21779 | Lair:4   | You fall into a shaft and drop 1 floor!
 22147 | Lair:5   | Reached ****** piety under Makhleb
 22278 | Lair:5   | Reached skill level 16 in Polearms
 22358 | Lair:5   | Gained mutation: When seriously injured, your bleeding
                  | wounds create thick armour. (AC +12) [demonic ancestry]
 22358 | Lair:5   | Reached XP level 15. HP: 100/100 MP: 23/23
 22387 | Lair:5   | Found a staircase to the Slime Pits.
 23391 | Lair:6   | Entered Level 6 of the Lair of Beasts
 23883 | Lair:6   | Got a shimmering falchion
 23887 | Lair:6   | Got a pitted war axe
 24441 | Lair:6   | Identified the +5 falchion of Aghesitt {venom, *Slow Str+3
                  | Int+4} (You found it on level 6 of the Lair of Beasts)
 24443 | Lair:6   | Identified the +5 war axe of Lyecujan {pain, *Corrode rElec
                  | Int+7} (You found it on level 6 of the Lair of Beasts)
 24807 | Orc:1    | Entered Level 1 of the Orcish Mines
 24870 | Orc:1    | Noticed Snorg
 24891 | Orc:1    | Killed Snorg
 25035 | Orc:2    | Entered Level 2 of the Orcish Mines
 25035 | Orc:2    | Found a staircase to the Elven Halls.
 25069 | Orc:2    | Found a roughly hewn altar of Beogh.
 25094 | Orc:2    | Found Weellux's Gadget Boutique.
 25158 | Orc:2    | Found a roughly hewn altar of Beogh.
 25159 | Orc:2    | Found Faemm's Gadget Emporium.
 25183 | Orc:2    | Found a roughly hewn altar of Beogh.
 25246 | Orc:2    | Found a frozen archway.
 25260 | IceCv    | Entered an ice cave
 25962 | IceCv    | Reached skill level 15 in Dodging
 26007 | IceCv    | Noticed a frost giant
 26040 | IceCv    | Killed a frost giant
 26543 | Orc:2    | Found a roughly hewn altar of Beogh.
 27212 | Orc:2    | Noticed an orc warlord
 27253 | Orc:2    | Killed an orc warlord
 27253 | Orc:2    | Reached skill level 5 in Fighting
 27253 | Orc:2    | Gained mutation: When seriously injured, your bleeding
                  | wounds create very thick armour. (AC +12) [demonic
                  | ancestry]
 27253 | Orc:2    | Reached XP level 16. HP: 61/109 MP: 23/25
 27263 | Orc:2    | Found Xowanol's Antique Armour Shoppe.
 27264 | Orc:2    | Found a roughly hewn altar of Beogh.
 27276 | Orc:2    | Found Naner's Antique Weapon Emporium.
 27394 | Elf:1    | Entered Level 1 of the Elven Halls
 27433 | Elf:1    | Found Widirr's Jewellery Emporium.
 27933 | Elf:1    | HP: 5/109 [fire elemental[a deep elf mage] (4)]
 28703 | Elf:1    | Killed from afar by a deep elf mage

Illustrated notes

Levels and vault maps discovered:
D:1:      lemuel_arrival_behind_the_door_small, layout_rooms, hex_medium,
          minmay_tromino_mix6
D:2:      layout_basic, eat_drink_and_be_merry_uskayaw,
          chequers_ecumenical_altar_twisty, uniq_natasha
D:3:      layout_loops_cross, lemuel_crystal_altar, overflow_temple_1_default,
          elyvilon_altar_4, uniq_robin
D:4:      layout_cave_pods, kennysheep_mini, serial_shops, kennysheep_mini_moat,
          nicolae_shop_trees, nicolae_shop_trees, hangedman_decor_opposing,
          uniq_crazy_yiuf_cottage, uniq_edmund, uniq_grinder
D:5:      layout_gridville, serial_shops, shop, minmay_shop_damaged,
          kennysheep_generic_room_10
D:6:      layout_loops_ring, marbit_many_paths,
          chequers_temple_overflow_minitemple, minmay_temple_entry_mini_moons,
          uniq_menkaure
D:7:      layout_cave_pods, enter_bailey_2
D:8:      layout_loops_ring, riverfiend_overflow_shadow_ancestor,
          lemuel_mausoleum_altar_yredelemnul,
          nicolae_ru_great_annihilating_truth, uniq_maurice
D:9:      layout_rooms, serial_undead, serial_undead_c, serial_undead_a,
          serial_undead_d, serial_undead_e, minivault_22, minivault_29
D:10:     layout_small_grid, serial_shops, shop, minivault_19,
          kennysheep_generic_room_7
D:11:     gammafunk_indiana_jones, layout_basic, dpeg_lair_monsters,
          minmay_orc_entry_temple_small
D:12:     minmay_clustersquares, layout_irregular_city
D:13:     layout_cave_pools, nicolae_trove_entry_path_of_doom
D:14:     layout_irregular_city, skrybe_vaults_entry_preservation,
          palyth_stone_intersect
Temple:   compressed_dpeg_triangle_lava_temple
Lair:1:   layout_gridlike, grunt_megastairs_1, lemuel_fruit_fields
Lair:2:   layout_chaotic_city, palyth_hydra_swamp_entry, minivault_19,
          dpeg_stationary_puzzle, uniq_sonja, uniq_gastronok
Lair:3:   layout_regular_city, guppyfry_snake_entry_island,
          minmay_lair_oklob_items
Lair:4:   layout_gridlike
Lair:5:   regret_index_harrowing_hell_hive, layout_hall_layers,
          minmay_slime_entry_oklob_open
Lair:6:   hangedman_lair_in_review, layout_gridlike, minmay_lair_oklob_chamber
Orc:1:    layout_diamond_mine, uniq_snorg
Orc:2:    grunt_orc_community_town_hall, layout_caves,
          grunt_orc_community_big_house_2, grunt_orc_community_big_house_1,
          grunt_orc_community_house_1, grunt_orc_community_house_3,
          grunt_orc_community_house_3, grunt_orc_community_house_1,
          portal_ice_cave_entry_pillars_1, nicolae_orc_lava_room
Elf:1:    elf_arrival_001, layout_loops_ring, serial_shops, shop,
          kennysheep_underground_church

Skill      XL: |  1  2  3  4  5  6  7  8  9 10 11 12 13 14 15 16 |
---------------+-------------------------------------------------+-----
Dodging        | 3 4 5 6 11 12 13 15 | 15.6
Polearms       | 3 4 5 6 8 10 11 13 15 16 | 16.8
Armour         | 1 2 3 4 |  4.0
Spellcasting   | 1 2 3 4 |  4.0
Stealth        | 1 2 3 4 |  4.0
Throwing       | 2 3 4 |  4.5
Fighting       | 3 4 5 |  5.0
Invocations    | 3 4 6 8 10 11 12 13 | 13.3
Evocations     | 2 3 4 |  4.0
Shields        | 1 2 3 4 |  4.0

Action                   |  1- 3 |  4- 6 |  7- 9 | 10-12 | 13-15 | 16-18 || total
-------------------------+-------+-------+-------+-------+-------+-------++-------
Melee: Trident           |   100 |   112 |   142 |       |    93 |       ||   447
       Kick              |       |    49 |    95 |   168 |   709 |   107 ||  1128
       Halberd           |       |    46 |   191 |   501 |  1088 |   205 ||  2031
       Spear             |       |       |    67 |       |       |       ||    67
       Whip              |       |       |       |       |   153 |       ||   153
Throw: Stone             |    29 |    43 |       |    24 |       |       ||    96
       Boomerang         |       |    28 |    61 |    32 |    38 |       ||   159
       Dart              |       |       |    42 |   104 |    80 |       ||   226
       Throwing net      |       |       |     1 |     2 |       |       ||     3
       Javelin           |       |       |       |     1 |       |       ||     1
Invok: Lesser Servant of |       |       |       |     6 |    18 |       ||    24
 Abil: Blink             |       |       |       |     1 |       |       ||     1
Evoke: Wand              |       |       |     9 |     5 |    52 |       ||    66
       Condenser vane    |       |       |       |       |     2 |       ||     2
       Phantom mirror    |       |       |       |       |     1 |       ||     1
  Use: Scroll            |     2 |     5 |     8 |     5 |     9 |       ||    29
       Potion            |     1 |     2 |     1 |     5 |     9 |       ||    18
 Stab: Sleeping          |     2 |       |     1 |       |    38 |     4 ||    45
       Paralysed         |       |       |     5 |     1 |     5 |       ||    11
       Distracted        |       |       |       |     2 |    10 |       ||    12
       Confused          |       |       |       |       |     5 |       ||     5
Armor: Leather armour    |    20 |    28 |       |       |       |       ||    48
       Scale mail        |       |    29 |     6 |       |       |       ||    35
       Chain mail        |       |       |    87 |    56 |   102 |       ||   245
       Ring mail         |       |       |    37 |    15 |       |       ||    52
       Acid dragon scale |       |       |       |       |   146 |       ||   146
       Robe              |       |       |       |       |     1 |       ||     1
       Plate armour      |       |       |       |       |       |    56 ||    56
Dodge: Dodged            |    54 |    80 |   179 |   164 |  1218 |   130 ||  1825
Block: Other             |       |       |       |    51 |       |       ||    51
       Reflection        |       |       |       |     2 |       |       ||     2
       Tower shield      |       |       |       |       |    44 |       ||    44

Table legend: (Time is in decaauts)
 A = Elapsed time spent in this place.
 B = Non-inter-level travel time spent in this place.
 C = Inter-level travel time spent in this place.
 D = Time resting spent in this place.
 E = Time spent auto-exploring this place.
 F = Levels seen in this place.
 G = Mean time per level.
                   A        B        C        D        E       F      G
               +--------+--------+--------+--------+--------+-----+--------+
         Total |  28355 |  25566 |   2789 |   4192 |  13096 |  26 | 1090.6 |
       Dungeon |  15746 |  13983 |   1763 |   2153 |   7605 |  14 | 1124.7 |
        Temple |    480 |    479 |      1 |      0 |    454 |   1 |  480.0 |
          Lair |   6988 |   6450 |    538 |    985 |   3873 |   6 | 1164.7 |
  Orcish Mines |   1456 |    970 |    486 |      0 |    224 |   2 |  728.0 |
   Elven Halls |   1262 |   1262 |      0 |    116 |    804 |   1 | 1262.0 |
        Bailey |   1392 |   1392 |      0 |    553 |      0 |   1 | 1392.0 |
      Ice Cave |   1028 |   1028 |      0 |    384 |    135 |   1 | 1028.0 |
               +--------+--------+--------+--------+--------+-----+--------+

Top non-repeatable levels by time:
     D:4: 2149 daAuts
     D:6: 1726 daAuts
    D:11: 1609 daAuts
     D:7: 1498 daAuts
  Lair:2: 1413 daAuts
  Bailey: 1392 daAuts
     D:8: 1330 daAuts
  Lair:5: 1291 daAuts
   Elf:1: 1262 daAuts
  Lair:6: 1252 daAuts
  Lair:3: 1188 daAuts
   IceCv: 1028 daAuts
   Orc:2: 985 daAuts
  Lair:4: 956 daAuts
    D:14: 902 daAuts
